[Event "Late-Titled-Tuesday-Blitz-December-26-2023"]
[Site "Chess.com"]
[Date "2023.12.26"]
[Round "9"]
[White "GMBenjaminBok"]
[Black "FontVella8"]
[Result "0-1"]
[WhiteElo "2947"]
[BlackElo "2789"]
[TimeControl "180+1"]
[EndTime "15:45:05 PST"]
[Termination "FontVella8 won by checkmate"]

1. d4 d5 2. c4 e6 3. Nc3 Nf6 4.
cxd5 exd5 5. Bg5 c6 6. e3 h6 7.
Bh4 Be7 8. Bd3 O-O 9. Nge2 Re8 10. O-O a5 11. Rc1 Nbd7 12. f3 Nf8 13. Bf2 Ne6 14. h3 c5 15. dxc5 Bxc5 16. Bb1 Qd6 17. Qd2 Bd7 18. Rfd1 Qb6 19. Nd4 Nxd4 20. exd4 Bd6 21.
Bh4 Bb8 22. Re1 Ba7 23. Bf2 Qd6 24. Rxe8+ Rxe8 25. Re1 Bb8 26. Rxe8+ Nxe8 27. Qe3 Nf6 28. Kf1 b5 29. Ne2 b4 30. Bg3 Qb6 31. Bxb8 Qxb8 32.
Qe5 Qb5 33. Kf2 Bc8 34. Nf4 Qc6 35. Qe3 Be6 36. Bd3 a4 37. g4 a3 38. bxa3 bxa3 39. Be2 Qd6 40. Kg2 g5 41. Nxe6 fxe6 42. Qc3 Nd7 43. Bb5 Nf8 44. Qc5 Qf4 45. Qxa3 Ng6 46. Be2 Nh4+ 47. Kf2 Qxd4+ 48. Kf1 Qa1+ 49. Kf2 Qd4+ 50. Qe3 Qxe3+ 51. Kxe3 Kf7 52. a4 Ke7 53. a5 Kd6 54. a6 Kc7 55. Kd4 Ng6 56. Bf1 Kb6 57.
Bd3 Nf4 58. Bf1 Ng6 59. a7 Kxa7 60. Kc5 Nf4 61. Kd6 d4 62. Ke5 d3 63. Bxd3 Nxd3+ 64. Kxe6 Nf4+ 65. Kf6 Nxh3 66. Kg7 Ng1 67. Kxh6 Nxf3 68.
Kg6 Kb6 69. Kf5 Kc5 70. Ke4 Nh4 71. Ke5 Kc4 72. Ke4 Kc5 73. Ke5 Kc6 74. Ke6 Nf3 75.
Kf6 Kd5 76. Kf5 Kd4 77. Kf6 Ke4 78. Kg6 Kf4 79. Kh5 Kg3 80. Kg6 Kxg4 81. Kf6 Kf4 82. Ke6 g4 83. Kd5 g3 84. Kc6 g2 85. Kb6 g1=Q+ 86.
Kc6 Qe3 87. Kb7 Qc5 88. Kb8 Qe7 89. Ka8 Ke5 90. Kb8 Kd5 91. Ka8 Kc6 92. Kb8 Qb7# 0-1

[Event "Late-Titled-Tuesday-Blitz-December-26-2023"]
[Site "Chess.com"]
[Date "2023.12.26"]
[Round "9"]
[White "Veleamater"]
[Black "HappyPawny"]
[Result "1-0"]
[WhiteElo "2349"]
[BlackElo "2239"]
[TimeControl "180+1"]
[EndTime "15:45:26 PST"]
[Termination "Veleamater won by resignation"]

1. g3 g6 2. Bg2 Bg7 3. d3 Nf6 4. Nc3 d5 5. Nf3 O-O 6. O-O c5 7. h3 Nc6 8. e4 d4 9. Ne2 e5 10. Ne1 Be6 11. f4 Qc8 12. Kh2 Nh5 13. f5 gxf5 14.
exf5 Bxf5 15. g4 Bxg4 16. hxg4 Qxg4 17. Bd2 f5 18. Nf3 e4 19. Nfg1 e3 20. Be1 Be5+ 21. Kh1 Rf6 22. Bf3 Qg7 23. Nh3 Qh6 24. Bh4 Ng3+ 25. Nxg3 Qxh4 26. Bd5+ Kh8 27. Qh5 Qxg3 28. Ng5 Qh2+ 29. Qxh2 Bxh2 30. Kxh2 Rh6+ 31. Nh3 Ne7 32. Bf3 Rg8 33. Rg1 Ng6 34. Rg3 Nf4 35. Rxg8+ Kxg8 36. Rg1+ Kf7 37. Rg3 b6 38. Bd1 Kf6 39. a4 e2 40.
Bxe2 Nxe2 41. Rf3 Ke5 42. Kg2 Rg6+ 43. Kf2 Nc1 44. Nf4 Rh6 45. Ng2 Na2 46. Rg3 Nb4 47.
c3 dxc3 48. bxc3 Nd5 49. c4 Nf6 50. Re3+ Kd4 51. Re7 Kxd3 52. Rxa7 Kxc4 53. Nf4 Ne4+ 54. Ke3 Rh2 55. Rf7 h5 56. Rxf5 Ng3 57. Rg5 h4 58. Kf3 Nf1 59. Ne2 Nd2+ 60. Ke3 Nf1+ 61. Kf3 Kb4 62. Rg4+ Ka5 63. Nc3 Nd2+ 64. Ke3 Nb3 65. Kd3 Nc1+ 66. Kc4 Na2 67. Nd5 Kxa4 68. Nxb6+ Ka5 69.
Nd5 Rc2+ 70. Kd3 Nb4+ 71. Ke3 Nxd5+ 72. Kd3 Nb4+ 73. Ke3 Rc3+ 74. Kd2 Ra3 75. Ke2 Kb5 76. Kd2 c4 77. Kc1 Ra2 78. Kb1 Rh2 79. Rg5+ Ka4 80. Rg1 h3 81. Rc1 Kb3 82. Ka1 Rb2 83. Rc3+ Ka4 84.
Ra3+ Kb5 85. Kxb2 h2 86. Rh3 Nd3+ 87. Kc3 Nf2 88. Rxh2 Ng4 89. Rh4 Ne5 90. Rh5 Kc6 91. Rxe5 Kd6 92. Re4 Kd5 93. Rxc4 Kd6 94. Kd4 1-0

[Event "Late-Titled-Tuesday-Blitz-December-26-2023"]
[Site "Chess.com"]
[Date "2023.12.26"]
[Round "9"]
[White "SEBAZZANO"]
[Black "Slovak_fighter2000"]
[Result "0-1"]
[WhiteElo "2269"]
[BlackElo "2478"]
[TimeControl "180+1"]
[EndTime "15:45:58 PST"]
[Termination "Slovak_fighter2000 won on time"]

1. d4 e5 2. e3 Nc6 3. dxe5 Nxe5 4. Nf3 Nxf3+ 5. Qxf3 d5 6. Bd3 Nf6 7. h3 Bd6 8. O-O Qe7 9. Nc3 c6 10. e4 d4 11. Ne2 c5 12. c3 dxc3 13. Nxc3 O-O 14.
Bg5 Qe5 15. Qg3 Qxg3 16. fxg3 Be5 17. Bf4 Bd4+ 18. Kh2 Be6 19. a3 Rad8 20. Bc2 a6 21. Rae1 Rfe8 22. Be3 Bxe3 23. Rxe3 Nd7 24. Rd1 Ne5 25. Ree1 f6 26. Nd5 Kf8 27. Nc7 Rc8 28.
Nxe6+ Rxe6 29. Bb3 Re7 30. Bd5 b5 31. b3 Rd8 32.
Rc1 Rc7 33. Re3 Ke7 34. Rec3 Rdc8 35. g4 Nd7 36. Kg3 Nb6 37. Kf4 Nxd5+ 38. exd5 Kd6 39. Rd1 Re8 40. Re3 Rxe3 41. Kxe3 Re7+ 42. Kd3 Kxd5 43.
Kc3+ Kc6 44. Rd2 Re3+ 45. Kc2 Rg3 46. Re2 Kd6 47. Rd2+ Ke5 48. Re2+ Kd4 49. Rd2+ Ke4 50. Re2+ Re3 51. Rd2 c4 52. bxc4 bxc4 53. Rd7 Rxa3 54. Rxg7 Ra2+ 55. Kc3 Rxg2 56. Kxc4 h5 57. Re7+ Kf4 58.
gxh5 Rg5 59. Re6 Kf5 60. Rxa6 Rg3 61. h6 Rxh3 62. Kd4 Rxh6 63. Ke3 Kg4 64. Kf2 Rh2+ 65. Kg1 Rh6 66. Kf2 Rg6 67. Ra4+ Kg5 68. Ra5+ f5 69.
Kf3 Rb6 70. Rc5 Rb3+ 71. Kf2 Kg4 72. Rc8 Rb2+ 73. Kf1 Kf3 74. Rc3+ Ke4 75. Rc4+ Ke3 76. Rc3+ Kd4 77. Rc8 f4 78. Rd8+ Ke3 79. Re8+ Kf3 80. Kg1 Rb1+ 81. Kh2 Kf2 82. Rc8 Rb2 83. Rc2+ Rxc2 0-1

[Event "Late-Titled-Tuesday-Blitz-December-26-2023"]
[Site "Chess.com"]
[Date "2023.12.26"]
[Round "10"]
[White "kikoveiga"]
[Black "hangemhigh"]
[Result "1-0"]
[WhiteElo "2539"]
[BlackElo "2465"]
[TimeControl "180+1"]
[EndTime "15:48:44 PST"]
[Termination "kikoveiga won by resignation"]

1. c4 d6 2. Nc3 e5 3. g3 f5 4. Bg2 Nf6 5. d4 e4 6. f3 exf3 7. Nxf3 g6 8. O-O Bg7 9. e4 O-O 10. e5 dxe5 11. Nxe5 Nbd7 12. Bf4 Nh5 13. Bd5+ Kh8 14.
Nf7+ Rxf7 15. Bxf7 c6 16. Re1 Qf6 17. Re8+ Nf8 18.
Rxf8+ Bxf8 19. Be5 1-0

[Event "Late-Titled-Tuesday-Blitz-December-26-2023"]
[Site "Chess.com"]
[Date "2023.12.26"]
[Round "10"]
[White "GMJustin"]
[Black "KorolDimitriy75"]
[Result "1-0"]
[WhiteElo "2249"]
[BlackElo "2314"]
[TimeControl "180+1"]
[EndTime "15:50:05 PST"]
[Termination "GMJustin won by resignation"]

1. e4 c5 2. Nf3 d6 3. d4 cxd4 4.
Nxd4 Nf6 5. Nc3 g6 6. Be3 Bg7 7. Qd2 O-O 8. f3 Nc6 9. O-O-O d5 10. exd5 Nxd5 11. Nxc6 bxc6 12. Bd4 e5 13. Bc5 Be6 14. Ne4 Rb8 15. h4 f5 16. Ng5 e4 17. c3 Qa5 18. Nxe6 Qxa2 19. Qc2 Rfd8 20. Nxg7 Qa1+ 21. Qb1 Qxb1+ 22. Kxb1 Nxc3+ 23. Kc2 Nxd1 24. Ne6 Rd2+ 25. Kxd2 1-0

[Event "Late-Titled-Tuesday-Blitz-December-26-2023"]
[Site "Chess.com"]
[Date "2023.12.26"]
[Round "10"]
[White "anasta10"]
[Black "enriquetejedor"]
[Result "1-0"]
[WhiteElo "2621"]
[BlackElo "2705"]
[TimeControl "180+1"]
[EndTime "15:50:35 PST"]
[Termination "anasta10 won by resignation"]

1. Nf3 f5 2. d3 d6 3. Nc3 Nf6 4. e4 Nc6 5. g3 g6 6. Bg2 Bg7 7. h4 O-O 8. Ng5 h6 9. Nh3 e5 10. h5 Nxh5 11. exf5 Qe8 12. fxg6 Qxg6 13. Be3 Nxg3 14.
Rg1 Bg4 15. Bd5+ Kh7 16. Rxg3 Bxd1 17. Rxg6 Bxc2 18. Be4 Rf7 19. Kd2 Nb4 20. Rag1 Bxd3 21. Rxg7+ Kh8 22. Rxf7 Bxe4 23. Nxe4 Nd5 24. Rgg7 a5 25.
Bxh6 1-0

[Event "Late-Titled-Tuesday-Blitz-December-26-2023"]
[Site "Chess.com"]
[Date "2023.12.26"]
[Round "10"]
[White "GlavkonVVS"]
[Black "ilushka"]
[Result "0-1"]
[WhiteElo "2520"]
[BlackElo "2467"]
[TimeControl "180+1"]
[EndTime "15:50:39 PST"]
[Termination "ilushka won by resignation"]

1. c4 c5 2. Nc3 g6 3. g3 Bg7 4.
Bg2 Nc6 5. Nf3 d6 6. d3 e6 7. O-O Nge7 8. a3 O-O 9. Rb1 b6 10. Bg5 h6 11. Bd2 Bb7 12. b4 Qd7 13. e3 Nf5 14. Qe2 Kh7 15. Rfd1 e5 16. h4 Nfe7 17.
h5 g5 18. b5 Nd8 19. e4 f5 20.
Bxg5 hxg5 21. Nxg5+ Kh8 22. exf5 Bxg2 23. Kxg2 Qxf5 24. Nce4 Bh6 25. Nh3 Ne6 26. Nxd6 Qf6 27. Ne4 Qg7 28. Nc3 Nf5 29. Re1 Nf4+ 30. Nxf4 exf4 31.
Ne4 f3+ 0-1

[Event "Late-Titled-Tuesday-Blitz-December-26-2023"]
[Site "Chess.com"]
[Date "2023.12.26"]
[Round "10"]
[White "VitorBronson"]
[Black "aksuliini1"]
[Result "0-1"]
[WhiteElo "2530"]
[BlackElo "2494"]
[TimeControl "180+1"]
[EndTime "15:50:40 PST"]
[Termination "aksuliini1 won by resignation"]

1. c4 c5 2. g3 g6 3. Bg2 Bg7 4. Nc3 Nc6 5. Nf3 e6 6. d4 cxd4 7. Nb5 d5 8. cxd5 exd5 9. Nbxd4 Nge7 10. O-O O-O 11. Bf4 Qb6 12. Nxc6 Nxc6 13. Qxd5 Be6 14.
Qg5 Qxb2 15. Rab1 Qxe2 16. Rxb7 Qxa2 17. Qh4 Bd5 18. Ng5 h6 19. Nf3 Nd4 20. Nxd4 Bxg2 21. Rfb1 Bxb7 22. Rxb7 Qa1+ 23. Kg2 Qxd4 24. Bxh6 Qd5+ 0-1

[Event "Late-Titled-Tuesday-Blitz-December-26-2023"]
[Site "Chess.com"]
[Date "2023.12.26"]
[Round "10"]
[White "Alexei_Gubajdullin"]
[Black "zsoltkorpics"]
[Result "1-0"]
[WhiteElo "2609"]
[BlackElo "2502"]
[TimeControl "180+1"]
[EndTime "15:50:44 PST"]
[Termination "Alexei_Gubajdullin won by checkmate"]

1. e4 c5 2. Nf3 e6 3. Qe2 b6 4. g3 Ba6 5. d3 Nc6 6. Bg2 g6 7. O-O Bg7 8. Nc3 Nge7 9. Bf4 O-O 10. e5 Nd5 11. Nxd5 exd5 12. c4 d4 13. Ng5 Rc8 14. Bd5 Ne7 15. Ne4 Nxd5 16. cxd5 Bb7 17. Bg5 Qc7 18.
Nf6+ Kh8 19. Qe4 d6 20. Qh4 h5 21. Nxh5 gxh5 22. Qxh5+ Kg8 23. Bf6 Rfd8 24. Qg5 Kf8 25. Qxg7+ Ke8 26. Qg8+ Kd7 27. Qxf7# 1-0

[Event "Late-Titled-Tuesday-Blitz-December-26-2023"]
[Site "Chess.com"]
[Date "2023.12.26"]
[Round "10"]
[White "BardArtem"]
[Black "DishonorOnYourCow"]
[Result "1-0"]
[WhiteElo "2680"]
[BlackElo "2558"]
[TimeControl "180+1"]
[EndTime "15:50:47 PST"]
[Termination "BardArtem won by resignation"]

1. e4 c5 2. c3 Nf6 3. e5 Nd5 4. Nf3 Nc6 5. Bc4 Nb6 6. Bb3 d5 7. exd6 Qxd6 8. O-O Bg4 9. Bxf7+ Kd8 10.
d4 cxd4 11. cxd4 Kc7 12. Nc3 Qf6 13. Bb3 e6 14. d5 Rd8 15. Bg5 Qxg5 16. Nxg5 Bxd1 17.
Nxe6+ Kc8 18. dxc6 1-0

[Event "Late-Titled-Tuesday-Blitz-December-26-2023"]
[Site "Chess.com"]
[Date "2023.12.26"]
[Round "10"]
[White "sheldons73tshirt"]
[Black "karinachess1"]
[Result "1-0"]
[WhiteElo "2690"]
[BlackElo "2570"]
[TimeControl "180+1"]
[EndTime "15:50:48 PST"]
[Termination "sheldons73tshirt won by resignation"]

1. e4 e5 2. Nf3 Nc6 3. Nc3 Nf6 4.
Be2 d5 5. exd5 Nxd5 6. O-O Be7 7.
Bb5 Nxc3 8. bxc3 Bd6 9. d4 exd4 10. Re1+ Be6 11. Nxd4 O-O 12. Nxe6 fxe6 13. Qg4 e5 14. Rb1 Kh8 15. Bg5 Qc8 16. Qh4 Qe6 17. Bc4 Qf5 18.
Bd3 e4 19. Bxe4 Bxh2+ 20. Kxh2 Qe5+ 21. f4 1-0

[Event "Late-Titled-Tuesday-Blitz-December-26-2023"]
[Site "Chess.com"]
[Date "2023.12.26"]
[Round "10"]
[White "cthulhuuu"]
[Black "norman927"]
[Result "1-0"]
[WhiteElo "2443"]
[BlackElo "2309"]
[TimeControl "180+1"]
[EndTime "15:51:13 PST"]
[Termination "cthulhuuu won by checkmate"]

1. e4 c5 2. Nf3 e6 3. d3 Nc6 4. g3 Nf6 5. Bg2 d5 6. Nbd2 Be7 7. O-O h6 8. h4 Qc7 9. Re1 b6 10. c3 Bb7 11. a3 O-O-O 12. b4 dxe4 13. dxe4 Ne5 14. Nxe5 Qxe5 15. Qc2 g5 16. Nf3 Qc7 17.
hxg5 hxg5 18. Bxg5 Rdg8 19. Bf4 Qd7 20. Rad1 Qe8 21.
Bd6 Nd7 22. e5 Bxd6 23. Rxd6 f6 24. Red1 Nxe5 25. Nxe5 fxe5 26. Bxb7+ Kxb7 27. Rd7+ Kb8 28. Qe4 Qh5 29. Qb7# 1-0

[Event "Late-Titled-Tuesday-Blitz-December-26-2023"]
[Site "Chess.com"]
[Date "2023.12.26"]
[Round "10"]
[White "GP9isback23"]
[Black "Petukhov_Dmitry"]
[Result "1-0"]
[WhiteElo "2646"]
[BlackElo "2488"]
[TimeControl "180+1"]
[EndTime "15:51:20 PST"]
[Termination "GP9isback23 won by resignation"]

1. d4 Nf6 2. Nf3 g6 3. e3 Bg7 4. Be2 O-O 5. O-O d5 6. c3 Ne4 7.
Nbd2 Nd7 8. Nxe4 dxe4 9. Nd2 f5 10. b3 e5 11. d5 c6 12. dxc6 bxc6 13. Ba3 c5 14. Qc2 Qc7 15. Rfd1 Bb7 16. Nc4 f4 17. Nd6 f3 18. Bc4+ Kh8 19. Nf7+ Rxf7 20. Bxf7 Nf6 21. Be6 Rf8 22. Qd2 Bc8 23. Qd6 Qa5 24. Bxc8 Rxc8 25.
Bb2 fxg2 26. c4 Ng4 27. Qe6 1-0

[Event "Late-Titled-Tuesday-Blitz-December-26-2023"]
[Site "Chess.com"]
[Date "2023.12.26"]
[Round "10"]
[White "Shankland"]
[Black "Hikaru"]
[Result "1-0"]
[WhiteElo "2997"]
[BlackElo "3209"]
[TimeControl "180+1"]
[EndTime "15:51:32 PST"]
[Termination "Shankland won by resignation"]

1. d4 g6 2. e4 a6 3. c4 Bg7 4.
Nc3 d6 5. Be3 c6 6. f4 b5 7. Nf3 Nf6 8. e5 Nfd7 9. c5 b4 10.
Ne4 d5 11. Neg5 Nf8 12. h4 h6 13. Nh3 a5 14. Bd3 Ba6 15. h5 Qc8 16. Nf2 Bxd3 17.
Qxd3 Qa6 18. g4 Qxd3 19. Nxd3 e6 20. Ke2 Nbd7 21. b3 gxh5 22. Rxh5 f6 23. Rhh1 Ng6 24.
a3 fxe5 25. dxe5 bxa3 26. Rxa3 Kf7 27. Rha1 h5 28. gxh5 Rxh5 29. Rxa5 Rxa5 30. Rxa5 Bh6 31. Ra7 Ke8 32. b4 Rh3 33. b5 d4 34. bxc6 dxe3 35. cxd7+ Ke7 1-0

[Event "Late-Titled-Tuesday-Blitz-December-26-2023"]
[Site "Chess.com"]
[Date "2023.12.26"]
[Round "10"]
[White "Marcin"]
[Black "MPCandelario"]
[Result "0-1"]
[WhiteElo "2491"]
[BlackElo "2671"]
[TimeControl "180+1"]
[EndTime "15:51:32 PST"]
[Termination "MPCandelario won by resignation"]

1. e4 c5 2. Nf3 d6 3. d4 cxd4 4. Nxd4 Nf6 5. Nc3 g6 6. g3 Bg7 7. Bg2 O-O 8. O-O Nc6 9. Nxc6 bxc6 10. e5 dxe5 11. Bxc6 Rb8 12. Qxd8 Rxd8 13. Rb1 Ba6 14. Rd1 Rdc8 15. Nd5 Nxd5 16. Bxd5 Rxc2 17. Bb3 Rc7 18. Be3 e4 19. Rbc1 Rxc1 20. Rxc1 Bxb2 21. Rc7 Bf6 22. Rxa7 Bd3 23. Bh6 Rc8 24. a4 g5 25.
Kg2 Be2 26. h4 Bf3+ 27. Kh2 e3 28. fxe3 Rc1 29. g4 Be5+ 0-1

[Event "Late-Titled-Tuesday-Blitz-December-26-2023"]
[Site "Chess.com"]
[Date "2023.12.26"]
[Round "10"]
[White "Kaua18"]
[Black "djano"]
[Result "1-0"]
[WhiteElo "2569"]
[BlackElo "2643"]
[TimeControl "180+1"]
[EndTime "15:51:37 PST"]
[Termination "Kaua18 won by resignation"]

1. e4 c5 2. Nf3 Nc6 3. Nc3 Nf6 4. d4 cxd4 5. Nxd4 d6 6. Bg5 g6 7. Bb5 Bd7 8. Bxf6 exf6 9. O-O Bg7 10. Re1 O-O 11. Nxc6 bxc6 12. Bc4 Qe7 13. Qd3 Rab8 14. Bb3 Rfd8 15. Rad1 Bg4 16. f3 Be6 17. Qa6 Rb6 18. Qa3 Bxb3 19. axb3 Qc7 20. Ra1 a6 21. Qa5 Bh6 22. Na4 Rb7 23. Qxc7 Rxc7 24. Red1 Kf8 25.
Rd3 Ke7 26. c4 Rb7 27. Rad1 Bf8 28. Kf1 Ke6 29. Nc5+ dxc5 30. Rxd8 Be7 31. Ra8 Rb6 32. Rd3 h5 33. f4 g5 34. g3 gxf4 35. gxf4 f5 36. e5 f6 37. Re3 fxe5 38. Rxe5+ Kf6 39. Rh8 Bd6 40. Rh6+ Kg7 41. Rxd6 Rxb3 42. Re7+ Kf8 43.
Ra7 1-0

[Event "Late-Titled-Tuesday-Blitz-December-26-2023"]
[Site "Chess.com"]
[Date "2023.12.26"]
[Round "10"]
[White "Inepton_Fermion"]
[Black "miraitrunks"]
[Result "1-0"]
[WhiteElo "2401"]
[BlackElo "2078"]
[TimeControl "180+1"]
[EndTime "15:51:39 PST"]
[Termination "Inepton_Fermion won by checkmate"]

1. e4 e6 2. d3 d5 3. Nd2 dxe4 4. dxe4 e5 5. Ngf3 Nc6 6. Bc4 Be7 7. O-O Nf6 8. c3 O-O 9. Qe2 Bg4 10. Rd1 Bd6 11. Nf1 Qe7 12. Ng3 Rad8 13. h3 Be6 14. Bxe6 Qxe6 15. Nf5 Bc5 16. Bg5 h6 17. Bh4 Rxd1+ 18.
Rxd1 Rd8 19. Rxd8+ Nxd8 20. Nd2 Kh7 21. Qf3 Qxa2 22.
Bxf6 gxf6 23. Qd3 Qa1+ 24. Kh2 Bxf2 25. Nf3 Ne6 26. Qd7 Kg6 27. Qe8 Qc1 28. Qg8+ Kh5 29.
Qg4# 1-0

[Event "Late-Titled-Tuesday-Blitz-December-26-2023"]
[Site "Chess.com"]
[Date "2023.12.26"]
[Round "10"]
[White "prime-morty"]
[Black "Korchmar_Vasiliy"]
[Result "0-1"]
[WhiteElo "2583"]
[BlackElo "2794"]
[TimeControl "180+1"]
[EndTime "15:51:44 PST"]
[Termination "Korchmar_Vasiliy won by resignation"]

1. c4 e6 2. Nc3 d5 3. e3 Nf6 4. Nf3 Be7 5. g4 O-O 6. g5 Ne4 7. h4 c5 8. Qc2 Nxc3 9. bxc3 Nc6 10. Bd3 g6 11. h5 Kg7 12. hxg6 fxg6 13. Bxg6 hxg6 14. Rh6 Qe8 15. Nh4 Ne5 16. f4 Bxg5 17. fxg5 Qf7 18. Nf5+ Qxf5 19. Qxf5 Rxf5 20. cxd5 exd5 21.
d4 Nd3+ 22. Ke2 c4 23. Rh2 Rxg5 24. Ba3 Bg4+ 25. Kd2 Rh8 26. Rxh8 Kxh8 27. Rg1 Nf2 28. Be7 Rh5 29. Rg2 Ne4+ 30. Kc2 Bf5 31. Kb2 Kg8 0-1

[Event "Late-Titled-Tuesday-Blitz-December-26-2023"]
[Site "Chess.com"]
[Date "2023.12.26"]
[Round "10"]
[White "giomar27"]
[Black "nassimzrikem"]
[Result "1/2-1/2"]
[WhiteElo "2380"]
[BlackElo "2263"]
[TimeControl "180+1"]
[EndTime "15:51:47 PST"]
[Termination "Game drawn by repetition"]

1. b3 c5 2. Bb2 d5 3. Nf3 Nc6 4. e3 Qc7 5. Bb5 a6 6. Bxc6+ Qxc6 7. O-O Nf6 8. d3 e6 9. Nbd2 Qc7 10. Ne5 Bd6 11.
f4 b5 12. Rf3 Bb7 13. Rg3 O-O-O 14. Rxg7 Rdf8 15. Ndf3 Rhg8 16. Rxg8 Rxg8 17. Ng5 d4 18. exd4 h6 19. Ne4 Nxe4 20. dxe4 Bxe4 21. g3 Bxe5 22. dxe5 Ba8 23. Qd6 Qb7 24. Qxc5+ Kb8 25. Qd6+ Kc8 26. Qc5+ Kd7 27. Qd6+ Ke8 28. Kf2 Qf3+ 29.
Ke1 Qe3+ 30. Kf1 Qf3+ 31. Ke1 Qe3+ 32. Kf1 Qf3+ 33. Ke1 1/2-1/2

[Event "Late-Titled-Tuesday-Blitz-December-26-2023"]
[Site "Chess.com"]
[Date "2023.12.26"]
[Round "10"]
[White "venturov"]
[Black "Statham_l3"]
[Result "0-1"]
[WhiteElo "2495"]
[BlackElo "2567"]
[TimeControl "180+1"]
[EndTime "15:52:00 PST"]
[Termination "Statham_l3 won by resignation"]

1. Nf3 d5 2. g3 Nc6 3. d4 Bf5 4.
Bg2 Nb4 5. Na3 e6 6. O-O Nf6 7. c3 Nc6 8. c4 Bxa3 9. bxa3 O-O 10.
Bg5 h6 11. Bxf6 Qxf6 12. cxd5 exd5 13. e3 Be4 14. Ne1 Ne7 15. Nd3 Qf5 16. Nc5 Bxg2 17.
Kxg2 b6 18. Na6 Rac8 19. Rc1 c6 20. Qc2 Qd7 21. Nb4 c5 22. dxc5 bxc5 23. Nd3 c4 24. Nf4 Rfd8 25. Rfd1 Qc6 26. Kg1 Rb8 27. e4 dxe4 28.
Rxd8+ Rxd8 29. Qxc4 Rd1+ 30. Kg2 Rxc1 0-1

[Event "Late-Titled-Tuesday-Blitz-December-26-2023"]
[Site "Chess.com"]
[Date "2023.12.26"]
[Round "10"]
[White "Viktor_Poddubnyi"]
[Black "The_Straightforward_Rook"]
[Result "1-0"]
[WhiteElo "2304"]
[BlackElo "2395"]
[TimeControl "180+1"]
[EndTime "15:52:00 PST"]
[Termination "Viktor_Poddubnyi won by resignation"]

1. e4 c6 2. d4 d5 3. exd5 cxd5 4. c4 Nf6 5. Nc3 Nc6 6. Bg5 Be6 7. a3 g6 8. Bxf6 exf6 9. cxd5 Bxd5 10. Qe2+ Be7 11.
Qb5 Be6 12. d5 Bd7 13. dxc6 Bxc6 14. Qb3 O-O 15. Nf3 Re8 16. Be2 Bd6 17. O-O Re7 18.
Rad1 Qb8 19. h3 a5 20. Rfe1 a4 21. Qc4 Ra5 22. Nd4 Bh2+ 23. Kf1 Bxg2+ 24. Kxg2 Rg5+ 25. Bg4 Rxe1 26. Rxe1 h5 27. Nf3 hxg4 28. Nxg5 gxh3+ 29. Nxh3 Kg7 30. Re7 1-0

[Event "Late-Titled-Tuesday-Blitz-December-26-2023"]
[Site "Chess.com"]
[Date "2023.12.26"]
[Round "10"]
[White "Vision_64"]
[Black "SocoLoco"]
[Result "1-0"]
[WhiteElo "2286"]
[BlackElo "2129"]
[TimeControl "180+1"]
[EndTime "15:52:00 PST"]
[Termination "Vision_64 won by checkmate"]

1. e4 c5 2. Nf3 e6 3. d4 cxd4 4. Nxd4 Nf6 5. Bd3 Nc6 6. Nb3 d5 7. exd5 Nxd5 8. O-O Be7 9. N1d2 O-O 10. Nf3 h6 11.
Bd2 Bf6 12. c3 b6 13. Nfd4 Bb7 14. Qe2 Ne5 15. Bc2 Rc8 16. f4 Nc4 17. Qe4 g6 18. Nxe6 fxe6 19. Qxg6+ Bg7 20. Qh7+ Kf7 21. f5 Rg8 22.
Qg6+ Kf8 23. fxe6+ Nf6 24. Qf7# 1-0

[Event "Late-Titled-Tuesday-Blitz-December-26-2023"]
[Site "Chess.com"]
[Date "2023.12.26"]
[Round "10"]
[White "ccccvhhhj"]
[Black "AkatsukiLogHorizon"]
[Result "1-0"]
[WhiteElo "2500"]
[BlackElo "2249"]
[TimeControl "180+1"]
[EndTime "15:52:12 PST"]
[Termination "ccccvhhhj won by resignation"]

1. e4 c5 2. Nf3 e6 3. b4 cxb4 4. a3 bxa3 5. Nxa3 Nc6 6. c3 Nf6 7. Bd3 d5 8. e5 Nd7 9. Qe2 Be7 10.
Bc2 O-O 11. d4 f5 12. O-O b6 13. Nb5 a6 14. Nd6 Bxd6 15. exd6 Nf6 16. Ba4 Nb8 17. Ba3 Bd7 18. Bxd7 Nbxd7 19. Qxe6+ Kh8 20. Qxf5 g6 21. Qd3 b5 22. Ne5 Kg7 23. Rae1 Rc8 24. Nxd7 Nxd7 25. Re7+ Rf7 26. Rfe1 Nf6 27. Rxf7+ Kxf7 28. Re7+ Kg8 29. Qh3 Kh8 30. Qe6 Qf8 31. Rf7 1-0

[Event "Late-Titled-Tuesday-Blitz-December-26-2023"]
[Site "Chess.com"]
[Date "2023.12.26"]
[Round "10"]
[White "NovakRatko"]
[Black "mariofs"]
[Result "1-0"]
[WhiteElo "2437"]
[BlackElo "2212"]
[TimeControl "180+1"]
[EndTime "15:52:14 PST"]
[Termination "NovakRatko won by resignation"]

1. d4 d5 2. c4 c6 3. cxd5 cxd5 4. Nc3 Nf6 5. f3 Bf5 6. Bg5 Nbd7 7. e4 dxe4 8. Bxf6 Nxf6 9. fxe4 Bd7 10. e5 Ng8 11.
Nf3 e6 12. Bd3 Ne7 13. Qc2 h6 14. O-O Rc8 15. Qf2 Nd5 16. Nd2 Qe7 17. Nce4 f5 18. Nd6+ Kd8 19. Nxc8 Bxc8 20. Nc4 Qd7 21. Rac1 b6 22.
Qg3 Bb7 23. Nd6 g5 24. Bb5 Qg7 25. Nxb7+ Qxb7 26. Bc6 Qf7 27. Bxd5 exd5 28. Qc3 Qd7 29. e6 Qd6 30. Qc8+ Ke7 31. Rc7+ Kf6 32. Rf7+ Kg6 33. R1xf5 Bg7 34. Rxg7+ Kxg7 35. Rf7+ Kg6 36. Qxh8 Qb4 37. Qg7+ Kh5 38. Rf1 Qxd4+ 39. Qxd4 1-0

[Event "Late-Titled-Tuesday-Blitz-December-26-2023"]
[Site "Chess.com"]
[Date "2023.12.26"]
[Round "10"]
[White "lukazz029"]
[Black "thesupera12"]
[Result "0-1"]
[WhiteElo "2027"]
[BlackElo "2400"]
[TimeControl "180+1"]
[EndTime "15:52:20 PST"]
[Termination "thesupera12 won by resignation"]

1. e4 g6 2. d4 d5 3. e5 c5 4.
c3 Nc6 5. Be3 Bg7 6. h4 h5 7.
Nh3 Nh6 8. Ng5 Nf5 9. Na3 cxd4 10. cxd4 O-O 11. Nc2 Nxe3 12. fxe3 Bf5 13. Bd3 Qa5+ 14. Kf2 Bxd3 15. Qxd3 Rac8 16. a3 Qa4 17. b3 Qa5 18.
Kg3 Nxe5 19. dxe5 Bxe5+ 20. Kh3 Bxa1 21. Rxa1 Rc3 22. Qd2 Rfc8 23. Nd4 e5 24. Qf2 R8c7 25. Nf5 Qb6 26. Nh6+ Kg7 27. Nhxf7 Qxe3+ 28. Qxe3 Rxe3+ 29. Kh2 Rxf7 30. Nxf7 Kxf7 31. Rf1+ Ke6 0-1

[Event "Late-Titled-Tuesday-Blitz-December-26-2023"]
[Site "Chess.com"]
[Date "2023.12.26"]
[Round "10"]
[White "Gyulamiryan-koryun"]
[Black "C_K_G"]
[Result "0-1"]
[WhiteElo "1991"]
[BlackElo "2067"]
[TimeControl "180+1"]
[EndTime "15:52:20 PST"]
[Termination "C_K_G won by checkmate"]

1. e4 c5 2. Nf3 d6 3. d4 cxd4 4. Nxd4 Nf6 5. Nc3 a6 6. Be3 e5 7. Nb3 Be6 8. f3 Be7 9. Qd2 Nbd7 10. O-O-O Qc7 11. Kb1 b5 12. g4 O-O 13. h4 Nb6 14. h5 Nc4 15. Bxc4 bxc4 16. Nc1 Rab8 17. g5 Nd7 18. Nd5 Bxd5 19. Qxd5 Nb6 20. Bxb6 Qxb6 21. b3 Bxg5 22. Qxc4 Rfc8 23. Qd3 Rc6 24. Rh2 Be3 25. Re1 Bd4 26. h6 g6 27. f4 Qc5 28. fxe5 dxe5 29. c4 Qb4 30. Qc2 Rxc4 31. Qe2 Qc3 32. Qxc4 Qxc4 33. Rc2 Qb4 34. Nd3 Qa3 35. Rec1 Rxb3+ 36. Nb2 Rxb2+ 37. Rxb2 Qxb2# 0-1

[Event "Late-Titled-Tuesday-Blitz-December-26-2023"]
[Site "Chess.com"]
[Date "2023.12.26"]
[Round "10"]
[White "MasterofMasters2006"]
[Black "Nick12772"]
[Result "1-0"]
[WhiteElo "2106"]
[BlackElo "2284"]
[TimeControl "180+1"]
[EndTime "15:52:26 PST"]
[Termination "MasterofMasters2006 won by resignation"]

1. d4 Nf6 2. c4 g6 3. Nc3 d5 4.
Nf3 Bg7 5. Qb3 dxc4 6. Qxc4 O-O 7. e4 a6 8. Be3 b5 9. Qd3 Bg4 10. Be2 Nc6 11. Rd1 Na5 12. O-O Nc4 13. Bc1 e6 14. h3 Bxf3 15. Bxf3 c6 16. b3 Nb6 17. Bg5 Qc7 18.
Qe3 Rac8 19. Bf4 Qe7 20. d5 cxd5 21. exd5 Rxc3 22. Qxc3 Nbxd5 23. Qd2 Nxf4 24. Qxf4 Rd8 25. Rxd8+ Qxd8 26. Rd1 Qc8 27. Qd6 Bf8 28. Qb6 Kg7 29. Rd8 Qc1+ 30. Rd1 Qc8 31. Qb7 Qc2 32. Qxa6 Bc5 33.
Rf1 b4 34. Qc4 Qf5 35. Rd1 Nd5 36. Qxc5 Qf6 37. Bxd5 1-0